 Dungeon Crawl Stone Soup version 0.31.0 (webtiles) character file.

Game seed: 16000469093327583244

147 ces the Chopper (level 5, -5/55 HPs)
             Began as an Oni Cinder Acolyte on Jan 20, 2024.
             Was a Priest of Ignis.
             Slain by Duvessa
             ... wielding a +2 short sword of freezing
              (18 damage)
             ... on level 3 of the Dungeon.
             The game lasted 00:04:03 (2271 turns).

ces the Chopper (Oni Cinder Acolyte)                Turns: 2271, Time: 00:04:03

Health: -5/55      AC:  3    Str: 20    XL:     5   Next: 29%
Magic:  7/9        EV:  9    Int: 15    God:    Ignis [***...]
Gold:   156        SH:  0    Dex:  4    Spells: 7/9 levels left

rFire   + . .        a - -1 hand axe (flame)
rCold   . . .        (no shield)
rNeg    . . .        b - +0 robe
rPois   .            (helmet restricted)
rElec   .            (no cloak)
rCorr   .            (gloves unavailable)
SInv    .            (boots unavailable)
Will    .....        (no amulet)
Stlth   +            (no ring)
HPRegen 0.29/turn    (no ring)
MPRegen 0.11/turn

%: no passive effects
@: rising, flying
A: large, unfitting armour, horns 1, tough skin 1, double potion healing,
drunken brawling
a: Renounce Religion, Fiery Armour, Foxfire Swarm


You were on level 3 of the Dungeon.
You worshipped Ignis.
Ignis was most pleased with you.
You visited 1 branch of the dungeon, and saw 4 of its levels.

You collected 156 gold pieces.

Inventory:

Hand Weapons
 a - a -1 hand axe of flaming (weapon)
Armour
 b - a +0 robe (worn)
Jewellery
 p - a ring of ice
Scrolls
 d - 3 scrolls of teleportation {unknown}
 e - 2 scrolls of enchant weapon {unknown}
 h - a scroll of summoning {unknown}
 i - 2 scrolls of vulnerability {unknown}
 k - a scroll of revelation {unknown}
 o - a scroll of identify {unknown}
Potions
 c - a potion of haste {unknown}
 f - a potion of mutation {unknown}
 g - 2 potions of lignification {unknown}
 j - 2 potions of berserk rage {unknown}
 l - a potion of enlightenment {unknown}
 m - a potion of heal wounds {unknown}
 n - a potion of invisibility {unknown}


   Skills:
 + Level 4.4 Fighting
 * Level 4.5 Axes
 + Level 2.7 Spellcasting
 + Level 3.4 Fire Magic


You had 7 spell levels left.
You knew the following spells:

 Your Spells              Type           Power      Damage    Failure   Level
a - Scorch                Fire           24%        2d6       8%          2

Your spell library contained the following spells:

 Spells                   Type           Power      Damage    Failure   Level
 Ignite Poison            Fire/Alch      7%         N/A       71%         4
 Sticky Flame             Fire/Alch      7%         2d4       71%         4
 Ignition                 Fire           6%         3d4       100%        8


Dungeon Overview and Level Annotations

Branches:
Dungeon (4/15)
 Temple: D:4-7

Altars:
Hepliaklqana
Qazlal
Yredelemnul
Zin

Shops:
D:2 (

Annotations:
D:3 Duvessa


Innate Abilities, Weirdness & Mutations

You are too large for most types of armour.
You have a pair of small horns on your head.
You have tough skin. (AC +1)
You gain doubled healing and magic from potions.
Whenever you drink a healing potion, you attack all around you.


Message History

The foxfire hits Duvessa but does no damage. x2
The foxfire hits the adder.
The adder is severely wounded.
The foxfire hits Duvessa but does no damage.
The foxfire hits Duvessa.
Duvessa is lightly wounded.
The foxfire hits Duvessa.
Duvessa is lightly wounded.
The foxfire hits Duvessa but does no damage.
Duvessa is lightly wounded.
The foxfire hits Duvessa but does no damage.
Duvessa is lightly wounded.
The foxfire hits Duvessa.
Duvessa is lightly wounded.
The foxfire hits Duvessa but does no damage.
Duvessa is lightly wounded.
The foxfire hits the adder.
You kill the adder!
A goblin comes into view. It is wielding a +0 club.
Casting: Scorch (safe; 8% risk of failure)
Confirm with . or Enter, or press ? or * to list all spells.
You can't see any susceptible monsters within range! (Use Z to cast anyway.) Unknown command.
You aren't carrying any items that you can evoke.
Duvessa hits you with a +2 short sword of freezing!
Duvessa freezes you!
Duvessa hits you with a +2 short sword of freezing!
Duvessa freezes you.
You climb upwards.
There is a stone staircase leading down here.
You begin to rise into the air.
Duvessa hits you with a +2 short sword of freezing.
* * * LOW HITPOINT WARNING * * *
Duvessa freezes you.
* * * LOW HITPOINT WARNING * * *
Activating: Foxfire Swarm
Press: ? - help, Dir - look around, f - activate Flames leap up around you!
Duvessa hits you with a +2 short sword of freezing!!
You die...

############### #
#.............# #
#.###########.########
#.# #.#....... #.#
#.#.###### #.# #####
#.#.# #.#
#vvv#####.#.# ### #.#
#@vv......#.# #.. #.#
#vev####..#.# #.# #.#
##v## #..#.# #.# #.#
##.## #..#.# #.#
#.###...####....# #.#
#..............## #.#
#####...####.#.#####.#
##.## #.......... #.#
###.#####.#


You could see Duvessa (berserk, ally target).

Vanquished Creatures
  Dowan (D:4)
  An orc priest (D:2)
  2 adders
  2 ribbon worms (D:2)
  2 orcs (D:2)
  5 ball pythons
  7 bats
  3 endoplasms (D:2)
  A giant cockroach (D:3)
  2 goblins
  3 hobgoblins
  2 jackals (D:2)
  A quokka (D:3)
  2 frilled lizards
  5 kobolds
  7 rats
46 creatures vanquished.

Vanquished Creatures (others)
  36 foxfires
36 creatures vanquished.

Grand Total: 82 creatures vanquished

Notes
Turn   | Place    | Note
-------+----------+-------------------------------------------
     0 | D:1      | ces the Oni Cinder Acolyte began the quest for the Orb.
     0 | D:1      | Reached XP level 1. HP: 24/24 MP: 2/2
   222 | D:1      | Reached XP level 2. HP: 32/32 MP: 2/4
   669 | D:2      | Learned a level 2 spell: Scorch
   742 | D:2      | Reached XP level 3. HP: 21/39 MP: 4/6
   841 | D:2      | Reached XP level 4. HP: 48/48 MP: 7/7
  1270 | D:2      | Found Binydink's Weapon Shop.
  1678 | D:3      | Found a glowing silver altar of Zin.
  2045 | D:3      | Found a hazy altar of Hepliaklqana.
  2046 | D:3      | Found a stormy altar of Qazlal.
  2048 | D:3      | Found a basalt altar of Yredelemnul.
  2262 | D:4      | Noticed Duvessa
  2262 | D:4      | Noticed Dowan
  2264 | D:4      | Killed Dowan
  2265 | D:4      | Reached XP level 5. HP: 55/55 MP: 7/9
  2271 | D:3      | Slain by Duvessa

Illustrated notes

Levels and vault maps discovered:
D:1:      moated_graveyard_arrival, layout_basic
D:2:      cheibrodos_pilgrimage, layout_basic, serial_shops, shop
D:3:      layout_loops_ring, zin_treasury, minitemple
D:4:      layout_rooms, minmay_temple_entry_slanted, ebering_ghost_sewer_f,
          uniq_duvessa

Skill      XL: |  1  2  3 |
---------------+----------+-----
Spellcasting   | 2 |  2.7
Fire Magic     | 3 |  3.4
Axes           | 4 |  4.5
Fighting       | |  4.4

Action                     |  1- 3 |  4- 6 || total
---------------------------+-------+-------++-------
  Melee: Hand axe          |    64 |    69 ||   133
         Headbutt          |     5 |     6 ||    11
 Invoke: Foxfire Swarm     |     1 |     2 ||     3
         Fiery Armour      |     1 |       ||     1
         Rising Flame      |       |     1 ||     1
 Armour: Robe              |    61 |    53 ||   114
  Dodge: Dodged            |    41 |    27 ||    68
